 Dungeon Crawl Stone Soup version 0.31.0 (webtiles) character file.

Game seed: 12395505115048410961

363 qw the Shooter (level 6, 0/38 HPs)
             Began as a Gargoyle Hunter on Jan 20, 2024.
             Slain by a jackal (2 damage)
             ... on level 4 of the Dungeon.
             The game lasted 00:00:13 (2615 turns).

qw the Shooter (Gargoyle Hunter)                    Turns: 2615, Time: 00:00:14

Health: 0/38       AC: 10    Str: 14    XL:     6   Next: 67%
Magic:  6/6        EV: 11    Int: 10    God:
Gold:   89         SH:  0    Dex: 15    Spells: 5/5 levels left

rFire   . . .        b - +2 arbalest (heavy)
rCold   + + .        (shield currently unavailable)
rNeg    + + .        e - +3 leather armour "Cyemeq" {rC++ rN+}
rPois   inf          (no helmet)
rElec   +            (no cloak)
rCorr   .            (no gloves)
SInv    .            (no boots)
Will    .....        c - amulet of faith
Stlth   ++           (no ring)
HPRegen 0.26/turn    (no ring)
MPRegen 0.10/turn

%: faith
@: no status effects
A: sickness immunity, AC +4, negative energy resistance 1, electricity
resistance, torment resistance 1, petrification resistance
a: no special abilities


You were on level 4 of the Dungeon.
You visited 1 branch of the dungeon, and saw 4 of its levels.

You collected 167 gold pieces.
You spent 78 gold pieces at shops.


Innate Abilities, Weirdness & Mutations

You are immune to sickness and miasma.
Your stone body is resilient. (AC +4)
You are immune to poison.
You resist negative energy. (rN+)
You are resistant to electric shocks. (rElec)
You are resistant to unholy torment.
You are immune to petrification.


   Skills:
 - Level 4.2 Fighting
 - Level 7.0 Ranged Weapons
 + Level 1.5 Dodging
 - Level 1.1 Stealth


You had 5 spell levels left.
You didn't know any spells.
Your spell library was empty.

Inventory:

Hand Weapons
 b - a +2 heavy arbalest (weapon)
Armour
 e - the +3 leather armour "Cyemeq" (worn) {rC++ rN+}
   (You found it on level 2 of the Dungeon)

   rC++:      It greatly protects you from cold.
   rN+:       It protects you from negative energy.
Jewellery
 c - an amulet of faith (around neck)
Potions
 f - a potion of might
 j - a potion of mutation
 k - a potion of heal wounds {unknown}

Dungeon Overview and Level Annotations

Branches:
Dungeon (4/15)
 Temple: D:4-7

Altars:
Makhleb
Wu Jian
The Shining One

Shops:
D:1 =   D:3 *

Annotations:
D:3 exclusion: iron imp


Message History

The jackal bites you but does no damage.
The adder closely misses you. The orc barely misses you.
You shoot a bolt. The bolt hits the adder!
You kill the adder!
The jackal closely misses you. The jackal misses you.
The orc hits you but does no damage. The jackal closely misses you.
The jackal bites you but does no damage. x2
The orc hits you with a +0 whip.
Your Ranged Weapons skill increases to level 7!
You shoot a bolt. The bolt barely misses the jackal.
The jackal barely misses you.
The jackal bites you but does no damage.
The jackal misses you. The jackal closely misses you.
The orc closely misses you. The jackal closely misses you.
The orc hits you with a +0 whip.
The jackal bites you but does no damage.
The jackal barely misses you.
You shoot a bolt. The bolt closely misses the jackal.
The jackal bites you but does no damage.
The jackal closely misses you. The orc completely misses you.
The jackal bites you but does no damage.
The jackal barely misses you. The orc barely misses you.
The jackal bites you but does no damage.
The orc hits you but does no damage. The jackal misses you.
The jackal bites you but does no damage.
You shoot a bolt. The bolt barely misses the jackal.
The jackal bites you but does no damage.
The jackal barely misses you. The orc hits you but does no damage.
The jackal bites you but does no damage.
The jackal bites you. The orc hits you but does no damage.
The jackal closely misses you. The jackal misses you.
You shoot a bolt. The bolt closely misses the jackal.
The jackal barely misses you. x2; The orc barely misses you.
The jackal bites you but does no damage.
The jackal bites you. The orc hits you but does no damage.
The jackal barely misses you. The jackal closely misses you.
You shoot a bolt. The bolt hits the jackal.
The jackal is moderately wounded.
The jackal closely misses you. The jackal bites you.
You die...

...........# ...##
.................+
.....
.................#
.....
.................#
.....
.................#
.....
..........##...###
..##.
..........##### ..
#. .......ho......
#..
.......@h......
#..
...............
...............
...............
...............
..##########... .
... ..


You could see an orc and 2 jackals.

Vanquished Creatures
  2 iron imps (D:3)
  An orc priest (D:3)
  4 sleepcaps (D:3)
  An orc wizard (D:4)
  3 adders
  4 gnolls (D:3)
  2 dart slugs (D:3)
  5 orcs
  9 ball pythons
  8 bats
  10 endoplasms
  4 giant cockroaches
  5 goblins
  5 hobgoblins
  A jackal (D:4)
  3 quokkas
  2 frilled lizards
  5 kobolds
  5 rats
79 creatures vanquished.

Notes
Turn   | Place    | Note
-------+----------+-------------------------------------------
     0 | D:1      | qw the Gargoyle Hunter began the quest for the Orb.
     0 | D:1      | Reached XP level 1. HP: 12/12 MP: 1/1
     0 | D:1      | 0 ||| qw: Version: 0.3-a-132-g3d54051
     0 | D:1      | 0 ||| qw: Game counter: 562
     0 | D:1      | 0 ||| qw: Melee chars always use a shield: true
     0 | D:1      | 0 ||| qw: God list: Okawaru
     0 | D:1      | 0 ||| qw: Allow faded altars: false
     0 | D:1      | 0 ||| qw: Do Orc after clearing Dungeon:15 true
     0 | D:1      | 0 ||| qw: Do second Lair branch before Depths: true
     0 | D:1      | 0 ||| qw: Lair rune preference: random
     0 | D:1      | 0 ||| qw: Goals: Normal
     0 | D:1      | 0 ||| PLANNING D:1-11
   132 | D:1      | Reached XP level 2. HP: 17/17 MP: 2/2
   342 | D:1      | Reached XP level 3. HP: 21/21 MP: 3/3
   370 | D:1      | Reached skill level 5 in Ranged Weapons
   444 | D:1      | Found Kenukuf's One-of-a-Kind Rings.
   450 | D:1      | 450 ||| SHOPLISTING +2 ring of evasion (72 gold, have 48).
   450 | D:1      | 450 ||| SHOPLISTING +3 ring of dexterity (120 gold, have
                  | 48).
   450 | D:1      | 450 ||| SHOPLISTING +3 ring of strength (120 gold, have
                  | 48).
   450 | D:1      | 450 ||| SHOPLISTING +7 ring of evasion (792 gold, have 48).
   450 | D:1      | 450 ||| SHOPLISTING +9 ring of slaying (2708 gold, have
                  | 48).
   450 | D:1      | 450 ||| SHOPLISTING ring "Oppuub" {Str-5 Int+6 Dex+6} (541
                  | gold, have 48).
   615 | D:1      | 615 ||| DROPPING scroll of butterflies.
   698 | D:2      | Identified the +3 leather armour "Cyemeq" {rC++ rN+}
   726 | D:2      | 726 ||| FLEEEEING.
   834 | D:2      | Reached skill level 3 in Fighting
   858 | D:2      | Identified the +4 dagger of Esaniw {venom, rN+}
  1051 | D:2      | Reached XP level 4. HP: 28/28 MP: 4/4
  1486 | D:2      | 1486 ||| UPGRADING to +3 leather armour "Cyemeq" {rC++
                  | rN+}.
  1496 | D:2      | 1496 ||| DROPPING +0 leather armour.
  1497 | D:2      | 1497 ||| READING scroll labelled EGGECI PIESEA.
  1598 | D:2      | 1598 ||| READING 2 scrolls labelled RERIGAE COMYLE.
  1598 | D:2      | 1598 ||| IDENTIFYING cyan potion
  1599 | D:2      | 1599 ||| READING scroll of identify.
  1599 | D:2      | 1599 ||| IDENTIFYING scroll labelled KUUSUOKHLOERO
  1599 | D:2      | Identified a scroll of acquirement
  1600 | D:2      | 1600 ||| READING scroll of acquirement.
  1600 | D:2      | 1600 ||| ACQUIRING +1 heavy arbalest
  1600 | D:2      | Acquired a +1 heavy arbalest
  1602 | D:2      | 1602 ||| SWAPPING to +1 heavy arbalest.
  1603 | D:2      | 1603 ||| DROPPING +0 shortbow.
  1604 | D:2      | 1604 ||| READING scroll labelled IKLEABYPEJ.
  1605 | D:2      | 1605 ||| READING scroll labelled OWECVU ZOURU.
  1605 | D:2      | 1605 ||| ENCHANTING +1 heavy arbalest.
  1650 | D:3      | Found Edotikiopn's Assorted Antiques.
  1664 | D:3      | 1664 ||| RETREEEEATING.
  1665 | D:3      | 1665 ||| RETREEEEATING.
  1666 | D:3      | 1666 ||| RETREEEEATING.
  1670 | D:3      | 1670 ||| FLEEEEING.
  1720 | D:3      | 1720 ||| SHOPLISTING pair of runed gloves (195 gold, have
                  | 93).
  1720 | D:3      | 1720 ||| SHOPLISTING pearl ring (130 gold, have 93).
  1720 | D:3      | 1720 ||| BUYING scroll labelled RORUOR COIXAN (26 gold).
  1720 | D:3      | Bought a scroll labelled RORUOR COIXAN for 26 gold pieces
  1720 | D:3      | 1720 ||| BUYING scroll of identify (52 gold).
  1720 | D:3      | Bought a scroll of identify for 52 gold pieces
  1739 | D:3      | Reached XP level 5. HP: 32/32 MP: 5/5
  1739 | D:3      | Found a burning altar of Makhleb.
  1741 | D:3      | Reached skill level 6 in Ranged Weapons
  1756 | D:3      | 1756 ||| READING scroll of identify.
  1756 | D:3      | 1756 ||| IDENTIFYING coppery potion
  1915 | D:3      | 1915 ||| FLEEEEING.
  1992 | D:3      | Found a glowing golden altar of the Shining One.
  2002 | D:3      | Found an ornate altar of the Wu Jian Council.
  2193 | D:3      | 2193 ||| RETREEEEATING.
  2194 | D:3      | 2194 ||| RETREEEEATING.
  2199 | D:3      | Reached XP level 6. HP: 38/38 MP: 6/6
  2211 | D:3      | 2211 ||| FLEEEEING.
  2530 | D:3      | 2530 ||| UPGRADING to amulet of faith.
  2535 | D:3      | 2535 ||| READING 2 scrolls of identify.
  2535 | D:3      | 2535 ||| IDENTIFYING silvery potion
  2536 | D:3      | 2536 ||| READING scroll of identify.
  2536 | D:3      | 2536 ||| IDENTIFYING blue potion
  2537 | D:3      | 2537 ||| READING 2 scrolls labelled RORUOR COIXAN.
  2538 | D:3      | 2538 ||| FLEEEEING.
  2541 | D:3      | 2541 ||| DRINKING 2 bubbling brown potions.
  2542 | D:3      | 2542 ||| DROPPING potion of attraction.
  2543 | D:3      | 2543 ||| DROPPING potion of degeneration.
  2587 | D:4      | 2587 ||| DRINKING potion of curing.
  2587 | D:4      | 2587 ||| (to cure confusion)
  2599 | D:4      | HP: 8/38 [orc/+0 whip (5)]
  2600 | D:4      | 2600 ||| READING scroll of teleportation.
  2604 | D:4      | HP: 7/38 [adder (2)]
  2609 | D:4      | HP: 7/38 [adder (2)]
  2611 | D:4      | Reached skill level 7 in Ranged Weapons
  2614 | D:4      | HP: 1/38 [jackal (3)]
  2615 | D:4      | Slain by a jackal

Levels and vault maps discovered:
D:1:      nicolae_arrival_somewhat_less_tricky_arrival, layout_rooms,
          kennysheep_pointless_box, nicolae_shop_unique_rings,
          minmay_misc_feat_pillars, hangedman_decor_clover_reticule
D:2:      layout_basic, serial_bayou, serial_bayou_ford_a, serial_bayou_lake_a,
          serial_bayou_crossing, serial_bayou_pond_d, serial_bayou_pond_b,
          serial_bayou_shore_a, hangedman_decor_riveting, serial_bayou_lagoon_a,
          small_statue_intersection, corexii_leaking_fountain
D:3:      layout_basic, demons_altar, amcnicky_altar_gilded, tso_oasis_becter,
          serial_shops, shop, minmay_liquid_box, amcnicky_mini_corridor_feature,
          hellmonk_no_cap
D:4:      layout_gridville, minmay_temple_entry_fiery

Skill      XL: |  1  2  3  4  5  6 |
---------------+-------------------+-----
Ranged Weapons | 5 6 7 |  7.0
Fighting       | 3 4 |  4.2
Dodging        | |  1.5
Stealth        | |  1.1

Action                     |  1- 3 |  4- 6 || total
---------------------------+-------+-------++-------
   Fire: Shortbow          |    92 |     6 ||    98
         Arbalest          |       |   102 ||   102
    Use: Scroll            |       |    11 ||    11
         Potion            |       |     2 ||     2
 Armour: Leather armour    |    12 |   130 ||   142
  Dodge: Dodged            |    19 |   127 ||   146

Table legend:
 A = Non-vault XP
 B = Vault XP
 C = Vault XP percentage of total XP
 D = Non-vault monster count
 E = Vault monster count
 F = Vault count percentage of total count
                 A         B        C        D         E       F
            +---------+---------+-------+---------+---------+-------
      Total |     284 |     235 |  45.3 |      69 |      10 |  12.7
            +---------+---------+-------+---------+---------+-------
        D:1 |      45 |       0 |   0.0 |      25 |       0 |   0.0
        D:2 |      41 |       5 |  10.9 |      11 |       3 |  21.4
        D:3 |     145 |     230 |  61.3 |      29 |       7 |  19.4
        D:4 |      53 |       0 |   0.0 |       4 |       0 |   0.0
            +---------+---------+-------+---------+---------+-------
